[ AOE2 MATCH · #505059385 ]
UnrankedPersians vs Vietnamese
Player's team · LOSS
[ REPLAY ANALYSIS · EXTRACTED FROM THE RECORDED GAME ]
Feudal
—
Castle
—
Imperial
—
| APM avg | 41.6 |
| APM peak | 77 |
| eAPM avg | 12.7 |
| Villagers / military | 24 / 1 |
Focus
⚔️ 30.1% · 🌾 69.9%
Militia ×1
Feudal
—
Castle
—
Imperial
—
| APM avg | 54.8 |
| APM peak | 78 |
| eAPM avg | 21.9 |
| Villagers / military | 49 / 2 |
Focus
⚔️ 24.1% · 🌾 75.9%
Fishing Ship ×3 · Militia ×2
Match map
Initial resources + every placement click. Lines = walls · curves = elevation contours. ◆ gold · ⬟ stone · ● berries · ✦ relic · ◌ wall gap
Your base· ✓ Map-separated
Dr. Snizl's base· ✓ Map-separated
Smoothed initial terrain · ◌ = detected wall gap · hover for details
Inputs per minute
— 日本人 - - Dr. Snizl
Build order — 日本人
39 actions detected in the replay
| 0:02 | Queue | Villager (Male) |
| 0:02 | Queue | Villager (Male) |
| 0:03 | Build | House |
| 0:05 | Build | House |
| 0:49 | Queue | Villager (Male) |
| 0:49 | Queue | Villager (Male) |
| 0:49 | Queue | Villager (Male) |
| 1:34 | Queue | Villager (Male) |
| 1:34 | Queue | Villager (Male) |
| 2:32 | Queue | Villager (Male) |
| 2:44 | Queue | Villager (Male) |
| 3:12 | Queue | Villager (Male) |
| 3:12 | Queue | Villager (Male) |
| 3:32 | Queue | Villager (Male) |
| 3:34 | Research | Loom |
| 5:44 | Build | Town Center |
| 5:58 | Build | Palisade Wall |
| 6:00 | Build | Palisade Wall |
| 6:46 | Queue | Villager (Male) |
| 7:54 | Queue | Villager (Male) |
| 9:20 | Queue | Villager (Male) |
| 9:56 | Build | House |
| 10:15 | Queue | Villager (Male) |
| 10:38 | Queue | Villager (Male) |
| 10:58 | Queue | Villager (Male) |
| 13:10 | Build | Town Center |
| 13:21 | Build | Palisade Wall |
| 13:23 | Build | Palisade Wall |
| 17:01 | Build | Lumber Camp |
| 18:14 | Build | Barracks |
| 18:23 | Queue | Villager (Male) |
| 18:23 | Queue | Villager (Male) |
| 18:32 | Build | House |
| 18:43 | Queue | Villager (Male) |
| 19:09 | Queue | Militia |
| 19:54 | Build | Mill |
| 19:57 | Queue | Villager (Male) |
| 19:57 | Queue | Villager (Male) |
| 20:41 | Queue | Villager (Male) |
Build order — Dr. Snizl
98 actions detected in the replay
| 0:00 | Queue | Villager (Male) |
| 0:00 | Queue | Villager (Male) |
| 0:02 | Build | House |
| 0:03 | Build | House |
| 0:13 | Queue | Villager (Male) |
| 0:13 | Queue | Villager (Male) |
| 1:30 | Queue | Villager (Male) |
| 1:30 | Queue | Villager (Male) |
| 1:47 | Build | Lumber Camp |
| 2:03 | Queue | Villager (Male) |
| 2:22 | Queue | Villager (Male) |
| 2:23 | Queue | Villager (Male) |
| 2:23 | Queue | Villager (Male) |
| 2:47 | Queue | Villager (Male) |
| 3:02 | Queue | Villager (Male) |
| 3:35 | Queue | Villager (Male) |
| 3:52 | Build | House |
| 4:00 | Queue | Villager (Male) |
| 4:27 | Queue | Villager (Male) |
| 4:36 | Build | Barracks |
| 5:01 | Build | House |
| 5:04 | Queue | Villager (Male) |
| 5:04 | Queue | Villager (Male) |
| 5:25 | Queue | Villager (Male) |
| 5:35 | Queue | Militia |
| 5:42 | Queue | Militia |
| 6:02 | Queue | Villager (Male) |
| 6:52 | Queue | Villager (Male) |
| 7:12 | Build | Lumber Camp |
| 7:26 | Queue | Villager (Male) |
| 7:31 | Research | Loom |
| 8:17 | Queue | Villager (Male) |
| 8:17 | Queue | Villager (Male) |
| 9:19 | Build | Town Center |
| 9:52 | Build | House |
| 10:56 | Queue | Villager (Male) |
| 11:22 | Build | House |
| 11:26 | Queue | Villager (Male) |
| 11:27 | Queue | Villager (Male) |
| 11:27 | Queue | Villager (Male) |
| 11:59 | Build | House |
| 12:13 | Build | House |
| 12:20 | Build | Palisade Wall |
| 12:21 | Build | Palisade Wall |
| 12:23 | Queue | Villager (Male) |
| 12:37 | Queue | Villager (Male) |
| 12:50 | Queue | Villager (Male) |
| 12:57 | Build | House |
| 13:00 | Build | Palisade Wall |
| 13:01 | Build | Palisade Wall |
| 13:03 | Queue | Villager (Male) |
| 13:11 | Queue | Villager (Male) |
| 13:45 | Queue | Villager (Male) |
| 13:45 | Queue | Villager (Male) |
| 14:00 | Queue | Villager (Male) |
| 14:01 | Queue | Villager (Male) |
| 14:04 | Queue | Villager (Male) |
| 14:17 | Build | Mining Camp |
| 14:20 | Queue | Villager (Male) |
| 15:18 | Queue | Villager (Male) |
| 15:56 | Build | Town Center |
| 16:16 | Build | Palisade Wall |
| 16:18 | Build | Palisade Wall |
| 16:21 | Build | Palisade Wall |
| 16:34 | Queue | Villager (Male) |
| 16:46 | Build | House |
| 16:49 | Build | House |
| 16:50 | Queue | Villager (Male) |
| 17:03 | Build | House |
| 17:09 | Build | Outpost |
| 17:10 | Queue | Villager (Male) |
| 17:13 | Build | House |
| 17:29 | Build | Mill |
| 17:45 | Queue | Villager (Male) |
| 17:55 | Build | Farm |
| 18:21 | Queue | Villager (Male) |
| 18:24 | Queue | Villager (Male) |
| 18:41 | Build | Dock |
| 18:48 | Build | Dock |
| 18:49 | Queue | Villager (Male) |
| 18:56 | Build | Farm |
| 18:59 | Build | Farm |
| 19:02 | Build | Farm |
| 19:09 | Build | Outpost |
| 19:18 | Queue | Fishing Ship |
| 19:22 | Build | House |
| 19:38 | Build | Palisade Wall |
| 19:43 | Queue | Villager (Male) |
| 19:54 | Build | Outpost |
| 20:00 | Queue | Villager (Male) |
| 20:01 | Queue | Fishing Ship |
| 20:05 | Build | Farm |
| 20:10 | Build | Farm |
| 20:18 | Build | Farm |
| 20:23 | Queue | Fishing Ship |
| 20:28 | Queue | Villager (Male) |
| 20:36 | Build | Farm |
| 20:48 | Build | Farm |
Match timeline
| 4:36 | Dr. Snizl · first_building Barracks |
| 5:58 | 日本人 · wall_segment Palisade Wall x1 |
| 6:00 | 日本人 · wall_segment Palisade Wall x1 |
| 12:20 | Dr. Snizl · wall_segment Palisade Wall x1 |
| 12:21 | Dr. Snizl · wall_segment Palisade Wall x1 |
| 13:00 | Dr. Snizl · wall_segment Palisade Wall x1 |
| 13:01 | Dr. Snizl · wall_segment Palisade Wall x1 |
| 13:21 | 日本人 · wall_segment Palisade Wall x1 |
| 13:23 | 日本人 · wall_segment Palisade Wall x1 |
| 16:16 | Dr. Snizl · wall_segment Palisade Wall x1 |
| 16:18 | Dr. Snizl · wall_segment Palisade Wall x1 |
| 16:21 | Dr. Snizl · wall_segment Palisade Wall x1 |
| 18:14 | 日本人 · first_building Barracks |
| 18:41 | Dr. Snizl · first_building Dock |
| 19:38 | Dr. Snizl · wall_segment Palisade Wall x1 |
[ AI ANALYSIS · 1 CREDIT ]
What really happened in this match?
Wolo.gg analyzes every decision: build order, eco, micro, common mistakes by bracket. Personalized analysis on WhatsApp or Discord in 30 seconds.
Civ guide
Persians
Perfil
Jugador #245540